Cogmind - Beta 16 @@@ ROGUE MODE // 2025.11.27 @ 02:00:24 Player: Vriska Result: Destroyed by S-10 Pest with Light Assault Rifle Performance ------------- Evolutions (2) 1000 Regions Visited (7) 1400 Robots Destroyed (46) 230 Value Destroyed (1252) 1252 Prototype IDs (24) 480 Alien Tech Used (0) 0 Bonus (223) 223 TOTAL SCORE: 4585 Bonus ------- Follower Combat Kills 85 Aligned with FarCom 300 Friendly Fire -162 Cogmind --------- Core Integrity 0/550 Matter 295/300 Energy 100/100 System Corruption 0% Temperature Cool (1) Movement Flying (35) Location -8/Materials Parts ------- > --- POWER (1) -------- (None) > --- PROPULSION (3) --- Improved VTOL Module > --- UTILITY (5) ------ Visual Processing Unit Hacking Suite > --- WEAPON (2) ------- Mining Laser > --- INVENTORY (5) ---- Light Nuclear Core Structural Scanner Welding Torch Peak State ------------ > --- POWER ------------ Light Deuterium Engine > --- PROPULSION ------- Light Treads Light Treads > --- UTILITY ---------- Large Storage Unit Visual Processing Unit Light Armor Plating Hacking Suite Skeleton Box > --- WEAPON ----------- Light Cannon Light Cannon > --- INVENTORY -------- Ion Engine Ion Engine Light Nuclear Core Medium Storage Unit Structural Scanner Light Cannon Mining Laser Welding Torch [Rating: 21] Favorites ----------- Power Ion Engine Engine Ion Engine Power Core Light Nuclear Core Propulsion Light Treads Treads Light Treads Flight Unit Improved VTOL Module Utility Visual Processing Unit Device Skeleton Box Storage Large Storage Unit Processor Visual Processing Unit Hackware Hacking Suite Protection Light Armor Plating Weapon Light Cannon Energy Gun Particle Gun Ballistic Gun Assault Rifle Ballistic Cannon Light Cannon Launcher Grenade Launcher Special Weapon Mining Laser Build | -11 -10 -10 -9 -9 -9 -8 -8 ------- Run | Yrd Mat Min Mat Min Exi Min Mat Slots Evolved 4 | . . . 2 . . . 2 Power . | . . . . . . . . Propulsion 1 | . . . . . . . 1 Utility 3 | . . . 2 . . . 1 Weapon . | . . . . . . . . Parts Attached 28 | 6 5 . 3 3 . . 11 Power 5 | 1 . . . . . . 4 Engine 4 | 1 . . . . . . 3 Core 1 | . . . . . . . 1 Reactor . | . . . . . . . . Propulsion 4 | 2 . . . 1 . . 1 Treads 3 | 2 . . . 1 . . . Leg . | . . . . . . . . Wheel . | . . . . . . . . Hover . | . . . . . . . . Flight 1 | . . . . . . . 1 Utility 9 | 1 3 . 3 . . . 2 Device 2 | . 1 . . . . . 1 Storage 3 | 1 1 . 1 . . . . Processor 1 | . 1 . . . . . . Hackware 1 | . . . 1 . . . . Protection 2 | . . . 1 . . . 1 Artifact . | . . . . . . . . Weapon 10 | 2 2 . . 2 . . 4 Energy Gun 1 | . . . . . . . 1 Energy Cannon . | . . . . . . . . Ballistic Gun 3 | 2 . . . . . . 1 Ballistic Cannon 3 | . 1 . . 1 . . 1 Launcher 2 | . 1 . . 1 . . . Special Weapon 1 | . . . . . . . 1 Impact Weapon . | . . . . . . . . Slashing Weapon . | . . . . . . . . Piercing Weapon . | . . . . . . . . Special Melee Weapon . | . . . . . . . . Unidentified Prototypes 1 | . . . . . . . 1 Parts Lost 16 | . . . . 3 . . 13 Power 3 | . . . . . . . 3 Propulsion 3 | . . . . . . . 3 Utility 3 | . . . . 1 . . 2 Weapon 7 | . . . . 2 . . 5 Highest Loss Streak 11 | . . . . 2 . . 11 To Critical Strikes . | . . . . . . . . Average Backups 8 | . 4 9 8 9 9 10 6 Power 1 | . 1 2 2 2 2 2 2 Propulsion . | . . . . 1 1 1 . Utility 2 | . . 2 1 3 3 3 1 Weapon 2 | . 1 3 4 2 2 2 1 Tool/Special . | . . . . . . . . Unused Backups 2 | . . . . . . . 2 Power . | . . . . . . . . Propulsion . | . . . . . . . . Utility 1 | . . . . . . . 1 Weapon . | . . . . . . . . Tool/Special 1 | . . . . . . . 1 Average Slot Usage (%) 93 | . 97 100 98 95 88 88 81 Engine 11 | . 14 14 11 11 11 11 5 Treads 23 | . 28 28 22 22 22 22 17 Device 1 | . 5 . . . . . 8 Storage 11 | . 14 14 11 11 11 11 8 Processor 10 | . 5 14 11 11 11 11 9 Hackware 6 | . . . 11 11 11 11 9 Protection 3 | . . . 10 7 . . 6 Ballistic Gun 1 | . 9 . . . . . . Ballistic Cannon 15 | . 9 14 10 19 22 22 14 Launcher 6 | . 9 14 11 1 . . . Peak Build Rating 21 | 6 8 9 13 13 12 12 21 Average Rating 10 | 4 7 8 12 11 11 12 17 On Entrance 8 | . 6 8 9 13 11 12 12 Avg Prop Armor Cover (%) . | . . . . . . . . Naked Turns . | . . . . . . . . Heaviest Build 36 | 13 21 21 34 34 31 31 36 Greatest Support 60 | 40 40 40 40 40 40 40 60 Greatest Overweight (x) 2 | . . . . . . . 2 Average Overweight (x) . | . . . . . . . . Largest Inventory Capacity 15 | 8 10 10 15 15 15 15 15 Average Capacity 12 | 6 8 10 13 15 15 15 13 Most Carried 11 | 1 7 10 11 11 10 10 9 Average Carried 8 | . 4 9 8 9 9 10 6 Final Capacity 15 | 8 10 10 15 15 15 15 5 Final Carried 11 | 1 7 10 11 9 10 10 3 Class Distribution -------------------- 90% | Mutant 9% | Scavenger-Mutant Dominant Class ---------------- Mutant | -10/Materials Mutant | -10/Mines Mutant | -9/Materials Mutant | -9/Mines Mutant | -9/Exiles Mutant | -8/Mines Scavenger-Mutant | -8/Materials Resources | -11 -10 -10 -9 -9 -9 -8 -8 ----------- Run | Yrd Mat Min Mat Min Exi Min Mat Matter Collected 1279 | 187 328 53 56 274 . . 381 Remotely . | . . . . . . . . Salvage Created 1191 | . 505 81 99 302 . . 204 Parts 91 | . 38 5 5 33 . . 10 Haulers Intercepted 3 | . 2 . 1 . . . . Recyclers Shooed 1 | . 1 . . . . . . Parts Field Recycled . | . . . . . . . . Retrieved Matter . | . . . . . . . . Parts Self-Destructed . | . . . . . . . . Prevented . | . . . . . . . . Parts Restored . | . . . . . . . . Kills | -11 -10 -10 -9 -9 -9 -8 -8 ------- Run | Yrd Mat Min Mat Min Exi Min Mat Combat Hostiles Destroyed 37 | . 12 2 1 15 . . 7 Guns 2 | . 2 . . . . . . Cannons 31 | . 8 2 1 13 . . 7 AOE 4 | . 2 . . 2 . . . Classes Destroyed 10 | . 6 . 1 3 . . . Builder 1 | . . . . 1 . . . Hauler 3 | . 2 . 1 . . . . Recycler 1 | . 1 . . . . . . Operator 1 | . 1 . . . . . . Watcher 2 | . 1 . . . . . 1 Swarmer 11 | . 3 . . 8 . . . Grunt 20 | . 9 2 . 4 . . 5 Duelist 2 | . . . . 2 . . . Protector 1 | . . . . 1 . . . Sentry 3 | . . . 1 . . . 2 Thug 1 | . . . . 1 . . . Best Kill Streak 5 | . 4 2 1 5 . . 3 Combat Bots Only 4 | . 3 2 1 4 . . 3 Max Kills in Single Turn 3 | . 2 1 1 3 . . 1 Gunslinging . | . . . . . . . . Exploded 2 | . 2 . . 2 . . . Melee . | . . . . . . . . Uniques/NPCs Destroyed . | . . . . . . . . Combat | -11 -10 -10 -9 -9 -9 -8 -8 -------- Run | Yrd Mat Min Mat Min Exi Min Mat Hostile Shots Fired 253 | . 39 12 4 53 . . 145 Missed 78 | . 14 5 1 12 . . 46 Hits 175 | . 25 7 3 41 . . 99 Melee 3 | . . . . . . . 3 Projectile 172 | . 25 7 3 41 . . 96 Critical Strikes 5 | . . . . . . . 5 Damage Taken 2486 | . 283 99 48 473 . . 1583 Core 699 | . 46 34 . 65 . . 554 Absorbed by Shields . | . . . . . . . . Regen/Repaired (Parts) 79 | . . . 79 . . . . Core Remaining (%) 83 | 100 . 68 . . . 83 . Volleys Fired 165 | . 55 7 4 41 . . 58 Largest 2 | . 2 1 1 2 . . 2 Hottest 100 | . 60 30 30 60 . . 100 Shots Fired 223 | . 64 7 4 61 . . 87 Gun 23 | . 16 . . . . . 7 Cannon 195 | . 47 7 4 59 . . 78 Launcher 3 | . 1 . . 2 . . . Special 2 | . . . . . . . 2 Kinetic 214 | . 63 7 4 59 . . 81 Thermal 6 | . . . . . . . 6 Explosive 3 | . 1 . . 2 . . . Electromagnetic . | . . . . . . . . Robot Hit Streak 13 | . 13 3 3 11 . . 10 Robot Miss Streak 5 | . 4 2 1 5 . . 3 Penetration Max . | . . . . . . . . Secondary Targets . | . . . . . . . . Shots Hit Robots 140 | . 41 5 3 33 . . 58 Core Hits 65 | . 21 4 3 21 . . 16 Critical Kills . | . . . . . . . . Critical Parts Destroyed . | . . . . . . . . Critical Strikes 8 | . 2 . . 1 . . 5 Blast 8 | . 2 . . 1 . . 5 Melee Attacks . | . . . . . . . . Impact . | . . . . . . . . Slashing . | . . . . . . . . Piercing . | . . . . . . . . Sneak Attacks . | . . . . . . . . Combat Hostiles . | . . . . . . . . Follow-up Attacks . | . . . . . . . . Damage Inflicted 2784 | . 687 93 53 961 . . 990 Guns 209 | . 135 . . . . . 74 Cannons 2238 | . 478 93 53 698 . . 916 Explosions 334 | . 74 . . 260 . . . Melee . | . . . . . . . . Ramming 3 | . . . . 3 . . . Kinetic 2391 | . 613 93 53 698 . . 934 Thermal 56 | . . . . . . . 56 Explosive 334 | . 74 . . 260 . . . Electromagnetic . | . . . . . . . . Impact . | . . . . . . . . Slashing . | . . . . . . . . Piercing . | . . . . . . . . Highest Corruption . | . . . . . . . . Average Corruption . | . . . . . . . . Corruption Purged . | . . . . . . . . Corruption Blocked . | . . . . . . . . Overload Shots . | . . . . . . . . Overflow Damage 63 | . . . . 63 . . . Projectiles . | . . . . . . . . Explosions 63 | . . . . 63 . . . Melee . | . . . . . . . . Knockbacks 31 | . 8 . . 10 . . 13 Impact . | . . . . . . . . Kinetic 26 | . 8 . . 7 . . 11 Secondary 5 | . . . . 3 . . 2 Self-Inflicted Damage 79 | . . . . 79 . . . Shots 2 | . . . . 2 . . . Rammed 2 | . . 1 . 1 . . . Targets Rammed 2 | . . 1 . 1 . . . Kicked . | . . . . . . . . Crushed . | . . . . . . . . Highest Temperature 102 | . 18 4 4 9 . . 102 Average Temperature 25 | . 4 4 4 3 . . 34 Received Heat Transfer 1110 | . 147 60 9 75 . . 819 Siege Activations . | . . . . . . . . Martial Activations . | . . . . . . . . Shielding Activations . | . . . . . . . . Robots Disrupted . | . . . . . . . . Combat Hostiles . | . . . . . . . . Robots Corrupted . | . . . . . . . . Combat Hostiles . | . . . . . . . . Parts Fried . | . . . . . . . . Impact Corruptions . | . . . . . . . . Robots Melted . | . . . . . . . . Combat Hostiles . | . . . . . . . . Parts Melted . | . . . . . . . . Heat Transferred 148 | . . . . . . . 148 Parts Sabotaged . | . . . . . . . . Parts Stolen . | . . . . . . . . Parts Stripped . | . . . . . . . . Power Chain Reactions . | . . . . . . . . Alert | -11 -10 -10 -9 -9 -9 -8 -8 ------- Run | Yrd Mat Min Mat Min Exi Min Mat Maximum Alert Level . | . . . . . . . . Low Security (%) 100 | 100 100 100 100 100 . 100 100 Level 1 . | . . . . . . . . Level 2 . | . . . . . . . . Level 3 . | . . . . . . . . Level 4 . | . . . . . . . . Level 5 . | . . . . . . . . High Security . | . . . . . . . . Max Security . | . . . . . . . . Peak Influence 161 | . 112 60 32 161 . . 69 Initial 31 | . . 31 . 7 . . . Average 26 | . 45 8 3 52 . . 13 Influence Increases 1156 | . 342 121 55 398 . . 240 Destroy 0b10 Robot/C 780 | . 240 80 20 300 . . 140 Destroy 0b10 Robot/NC 45 | . 25 . 5 10 . . 5 Destroy Leader 160 | . 56 20 12 40 . . 32 Allied During Kill 22 | . . 16 2 4 . . . Successful Hack 6 | . . 5 1 . . . . Disable Machine 45 | . 15 . . . . . 30 Destroy Structure 23 | . 6 . . 14 . . 3 Lose Combat Pursuer 75 | . . . 15 30 . . 30 Influence Decreases 1142 | . 262 201 36 417 . . 226 Entered New Map 61 | . . 49 . 12 . . . Time Decay 946 | . 262 152 36 365 . . 131 Lost Part 115 | . . . . 20 . . 95 Lost Ally 20 | . . . . 20 . . . Squads Dispatched 9 | . 4 . . 1 . . 4 Investigation 2 | . 2 . . . . . . Extermination . | . . . . . . . . Reinforcement 4 | . 2 . . . . . 2 Assault 1 | . . . . 1 . . . Garrison 2 | . . . . . . . 2 Intercept . | . . . . . . . . Searches Triggered . | . . . . . . . . Construction Impeded . | . . . . . . . . Haulers Reinforced . | . . . . . . . . Active Scanning Responses . | . . . . . . . . Cargo Convoy Interrupts . | . . . . . . . . Stealth | -11 -10 -10 -9 -9 -9 -8 -8 --------- Run | Yrd Mat Min Mat Min Exi Min Mat Distress Signals 2 | . 1 . 1 . . . . Communications Jammed . | . . . . . . . . Distress Signals . | . . . . . . . . Times Spotted 75 | . 22 4 4 19 . . 26 Peak Tracking Total 11 | . 4 2 3 5 . . 11 Tactical Retreats 3 | . . . 1 1 . . 1 Traps | -11 -10 -10 -9 -9 -9 -8 -8 ------- Run | Yrd Mat Min Mat Min Exi Min Mat Traps Triggered 2 | . 2 . . . . . . Indirectly . | . . . . . . . . Trap Hack Attempts . | . . . . . . . . Triggered . | . . . . . . . . Disarmed . | . . . . . . . . Reprogrammed . | . . . . . . . . Reused . | . . . . . . . . Traps Extracted . | . . . . . . . . Installed . | . . . . . . . . Triggered . | . . . . . . . . Machines | -11 -10 -10 -9 -9 -9 -8 -8 ---------- Run | Yrd Mat Min Mat Min Exi Min Mat Machines Disabled 3 | . 1 . . . . . 2 Max in Single Turn 1 | . 1 . . . . . 1 Machines Repaired . | . . . . . . . . Machines Dismantled . | . . . . . . . . Machines Sabotaged . | . . . . . . . . Overloaded Fab Kills . | . . . . . . . . Hacking | -11 -10 -10 -9 -9 -9 -8 -8 --------- Run | Yrd Mat Min Mat Min Exi Min Mat Machines Accessed 7 | . 2 1 2 . 1 . 1 Terminals 2 | . . 1 1 . . . . Fabricators . | . . . . . . . . Repair Stations 1 | . . . 1 . . . . Recycling Units 3 | . 2 . . . . . 1 Scanalyzers . | . . . . . . . . Garrison Access . | . . . . . . . . Total Hacks 13 | . 4 4 3 . 1 . 1 Successful 8 | . 3 1 2 . 1 . 1 Failed 5 | . 1 3 1 . . . . Catastrophic 1 | . . . 1 . . . . Database Lockouts . | . . . . . . . . Manual 2 | . . . 1 . 1 . . Terminals 5 | . . 4 1 . . . . Fabricators . | . . . . . . . . Repair Stations 2 | . . . 2 . . . . Recycling Units 5 | . 4 . . . . . 1 Scanalyzers . | . . . . . . . . Garrison Access . | . . . . . . . . Terminal Hacks 2 | . . 1 . . 1 . . Zone Layout 1 | . . 1 . . . . . Proto ID Catalog 1 | . . . . . 1 . . Fabricator Hacks . | . . . . . . . . Repair Station Hacks 2 | . . . 2 . . . . Scan Component 1 | . . . 1 . . . . Repair 1 | . . . 1 . . . . Recycling Unit Hacks 4 | . 3 . . . . . 1 Report Inventory 3 | . 2 . . . . . 1 Retrieve Components 1 | . 1 . . . . . . Scanalyzer . | . . . . . . . . Garrison Access Hacks . | . . . . . . . . Unauthorized Hacks . | . . . . . . . . Terminals . | . . . . . . . . Fabricators . | . . . . . . . . Repair Stations . | . . . . . . . . Recycling Units . | . . . . . . . . Scanalyzers . | . . . . . . . . Garrison Access . | . . . . . . . . Data Cores Recovered . | . . . . . . . . Used . | . . . . . . . . Hacking Detections 4 | . . 1 2 . . . 1 Full Trace Events . | . . . . . . . . Feedback Events . | . . . . . . . . Feedback Blocked . | . . . . . . . . Robot Schematics Acquired . | . . . . . . . . Robots Built . | . . . . . . . . Authchips . | . . . . . . . . Time . | . . . . . . . . Total Robot Build Rating . | . . . . . . . . Part Schematics Acquired . | . . . . . . . . Parts Built . | . . . . . . . . Authchips . | . . . . . . . . Time . | . . . . . . . . Total Part Build Rating . | . . . . . . . . Part Studies Acquired . | . . . . . . . . Parts Repaired 1 | . . . 1 . . . . Time 26 | . . . 26 . . . . Parts Recycled . | . . . . . . . . Recycled Matter . | . . . . . . . . Retrieved Matter . | . . . . . . . . Retrieved Components 1 | . 1 . . . . . . Parts Scanalyzed . | . . . . . . . . Part Schematics Acquired . | . . . . . . . . Parts Damaged . | . . . . . . . . Bothacking | -11 -10 -10 -9 -9 -9 -8 -8 ------------ Run | Yrd Mat Min Mat Min Exi Min Mat Used RIF Installer . | . . . . . . . . Robots Hacked . | . . . . . . . . Non-combat . | . . . . . . . . Combat . | . . . . . . . . Robot Hacks Applied . | . . . . . . . . Relay Couplers Released . | . . . . . . . . Fabnet Peak Effective % . | . . . . . . . . Robots Rewired . | . . . . . . . . Allies Hacked . | . . . . . . . . Hacks Repelled . | . . . . . . . . Allies | -11 -10 -10 -9 -9 -9 -8 -8 -------- Run | Yrd Mat Min Mat Min Exi Min Mat Total Allies 4 | . . 3 . 1 . . . Largest Group 3 | . . 3 2 1 . . . Highest-Rated Group 73 | . . 73 42 31 . . . Highest-Rated Ally 31 | . . 31 31 31 . . . Total Orders . | . . . . . . . . Ally Attacks 15 | . . 2 2 11 . . . Total Damage 211 | . . 43 . 168 . . . Kills 3 | . . 2 . 1 . . . Allies Corrupted . | . . . . . . . . Allies Melted . | . . . . . . . . Intel | -11 -10 -10 -9 -9 -9 -8 -8 ------- Run | Yrd Mat Min Mat Min Exi Min Mat Active Infowar (turns) 4575 | . 654 1155 326 968 794 118 560 Optics 4251 | . 330 1155 326 968 794 118 560 Sensors 324 | . 324 . . . . . . Robot Analysis Total . | . . . . . . . . Derelict Logs Recovered 2 | . . 1 . 1 . . . Drone Launches . | . . . . . . . . Drone Recoveries . | . . . . . . . . Exploration | -11 -10 -10 -9 -9 -9 -8 -8 ------------- Run | Yrd Mat Min Mat Min Exi Min Mat Turns Passed 4764 | 75 768 1155 326 968 794 118 560 Spaces Moved 2617 | 43 384 674 173 521 496 66 260 Core 34 | 2 . . . . . . 32 Treads 2530 | 41 384 674 173 521 496 66 175 Legs . | . . . . . . . . Wheels . | . . . . . . . . Hover . | . . . . . . . . Flight 53 | . . . . . . . 53 Fastest Speed 35 | 50 160 160 160 160 160 160 35 Average Speed 156 | 154 160 160 160 160 160 160 127 Slowest Speed 240 | 160 160 160 160 160 160 160 240 Overloaded Moves . | . . . . . . . . Propulsion Burnouts . | . . . . . . . . Robots Hopped 4 | . . . . . . . 4 Potential Cave-ins . | . . . . . . . . Cave-ins Triggered . | . . . . . . . . Exploration Rate (%) 50 | 4 65 96 18 82 91 20 26 Regions Visited 7 Branch Regions 4 Pre-discovered Areas 2 | . . 1 . 1 . . . Known Exits Taken . | . . . . . . . . Unknown Exits Taken 7 | 1 1 1 1 1 1 1 . Scrap Searched 4 | . . 2 . 2 . . . Spaces Dug 2 | . . . . . . . 2 Terrain Destroyed 20 | . 2 . . 16 . . 2 Melee . | . . . . . . . . Projectile 2 | . . . . . . . 2 AOE 18 | . 2 . . 16 . . . Terrain Rammed . | . . . . . . . . Walls Destroyed . | . . . . . . . . Machines Disabled . | . . . . . . . . Actions | -11 -10 -10 -9 -9 -9 -8 -8 --------- Run | Yrd Mat Min Mat Min Exi Min Mat Total 3047 | 49 476 743 217 593 497 79 393 Wait 221 | . 21 59 35 28 1 14 63 Move 2602 | 42 383 673 172 520 495 65 252 Hop 4 | . . . . . . . 4 Pick Up 15 | 1 8 3 2 . 1 . . Fast Attach 12 | 6 2 . 1 . . . 3 Attach 14 | . 2 . 2 2 . . 8 Detach . | . . . . . . . . Swap 5 | . 1 . 1 1 . . 2 Drop 7 | . 4 . . . . . 3 Fire 165 | . 55 7 4 41 . . 58 Melee . | . . . . . . . . Ram . | . . . . . . . . Kick . | . . . . . . . . Crush 2 | . . 1 . 1 . . . Escape Stasis . | . . . . . . . . Rewire . | . . . . . . . . Trap . | . . . . . . . . Miscellaneous . | . . . . . . . . Route ------- -11/Scrapyard -10/Materials (discovered 4 exits: *Mat / *Min x2 / [*Sub]) -10/Mines (discovered 3 exits: *Mat x2 / [*Sub]) -9/Materials -9/Mines (discovered 2 exits: *Mat / *Exi) -9/Exiles (discovered 2 exits: [*Min x2]) -8/Mines -8/Materials History --------- Turn | Location | Event 22 | -11/Scrapyard | Discovered new exit (range 16) 76 | -11/Scrapyard | Entered Materials 302 | -10/Materials | Discovered new exit (range 7) 306 | -10/Materials | Build established: Mutant 551 | -10/Materials | Discovered new exit (range 16) 678 | -10/Materials | Discovered new exit (range 8) 793 | -10/Materials | Discovered new exit (range 12) 844 | -10/Materials | Entered Mines 1072 | -10/Mines | Learned location of Recycling (-7) 1222 | -10/Mines | Received a Mining Laser from a helpful Derelict 1339 | -10/Mines | Discovered new exit (range 6) 1380 | -10/Mines | Discovered new exit (range 12) 1412 | -10/Mines | Discovered new exit (range 14) 1999 | -10/Mines | Entered Materials 1999 | -9/Materials | Accompanied by 2 allies 1999 | -9/Materials | Evolved 2 slots: Utility x2 2004 | -9/Materials | Led the pair of lost Derelicts to an unsafe place 2174 | -9/Materials | Repaired Lgt. Cannon 2278 | -9/Materials | Discovered new exit (range 18) 2325 | -9/Materials | Entered Mines 2325 | -9/Mines | Accompanied by 1 ally 2673 | -9/Mines | Learned location of Zion (-6) 2681 | -9/Mines | Discovered new exit (range 13) 2912 | -9/Mines | Met a Derelict testing a Signal Generator 3285 | -9/Mines | Deemed a non-threat by the Exiles lab entrance 3286 | -9/Mines | Discovered new exit (range 5) 3293 | -9/Mines | Entered Exiles 3314 | -9/Exiles | Discovered new exit (range 16) 3332 | -9/Exiles | Met 8R-AWN 3361 | -9/Exiles | Met EX-HEX 3409 | -9/Exiles | Met EX-BIN 3457 | -9/Exiles | Aligned with FarCom system 3458 | -9/Exiles | Given EX-Vault access code 3511 | -9/Exiles | Opened EX-Vault 3526 | -9/Exiles | Found Skeleton Box 3558 | -9/Exiles | Warned to stay clear of 0b10 Research branches 3599 | -9/Exiles | Met EX-DEC 3658 | -9/Exiles | Visited The Gauntlet 3862 | -9/Exiles | Discovered new exit (range 12) 4087 | -9/Exiles | Left Exiles lab with Skeleton Box 4087 | -9/Exiles | Entered Mines 4191 | -8/Mines | Discovered new exit (range 6) 4205 | -8/Mines | Entered Materials 4205 | -8/Materials | Evolved 2 slots: Propulsion x1, Utility x1 4516 | -8/Materials | Build established: Scavenger-Mutant 4630 | -8/Materials | Garrison activated, responded to threat 4713 | -8/Materials | Core integrity fell below 50% 4732 | -8/Materials | Core integrity fell below 20% 4759 | -8/Materials | Lost 11 parts (2p2n2u5w) 4765 | -8/Materials | Destroyed by S-10 Pest with Light Assault Rifle Last Messages --------------- U-05 Engineer lays Concrete. K-01 Serf collects debris. U-05 Engineer lays Concrete. K-01 Serf collects debris. U-05 Engineer lays Concrete. Hvy. Assault Rifle destroyed. U-05 Engineer lays Concrete. S-10 Pest emerges from the garrison. K-01 Serf collects debris. U-05 Engineer lays Concrete. K-01 Serf collects debris. S-10 Pest destroyed. K-01 Serf collects debris. Acquired Prototype Flight Unit. Identified Imp. VTOL Module. U-05 Engineer lays Concrete. K-01 Serf collects debris. Acquired 147 matter. Ion Engine destroyed. Critical hit (Burn: +37). Map ----- +----------------------------------------------------+ | | | | | | | | | | | | | | | | | | | ???????????????????????????????#############?????? | | ???????????????????????????????# ####### | | ???????????????????????????????# ## // | | ???????????????????????????????# """"" ## / | | ???????????????????????????????# """"""""" ## | | ???????????????????????????????# """ """ ## | | ????????????????????????????????? ??# [ | | ??????????????###?????????????????? ????# | | ??????????????# ##+##############+############ | | ??????????????# g | | ????????????? T w | | ??????????????# g g l | | ??????????????# #######g#########+############ | | ????????????????????????# #??????g????????????? | | ????????????????????????# #???????????????????? | | ????????????????????????# #???????????????????? | | ????????????????????????#@ #???????????????????? | | ????????????????????????# ###?????????????????? | | ????????????????????????# s #?????????????????? | | ????????????????????????# s###?????????????????? | | ????????????????????????# % #???????????????????? | | ????????????????????????# #???????????????????? | | ???????????????????????#;;####???????????????????? | | ???????????????????????####??????????????????????? | | ?????????????????????????????????????????????????? | | ?????????????????????????????????????????????????? | | ?????????????????????????????????????????????????? | | ?????????????????????????????????????????????????? | | ?????????????????????????????????????????????????? | | ?????????????????????????????????????????????????? | | ?????????????????????????????????????????????????? | | ?????????????????????????????????????????????????? | | ????????????????????????????????Y????????????????? | | ?????????????????????????????????????????????????? | | ?????????????????????????????????????????????????? | | ?????????????????????????????????????????????????? | | ?????????????????????????????????????????????????? | | ?????????????????????????????????????????????????? | | ??????????????????????????????#??????????????????? | | ??????????????????????????????# ?????????????????? | | ??????????????????????????????# ?????????######### | +----------------------------------------------------+ Best States ------------- Heat Dissipation 31 Energy Generation 14 Energy Capacity 250 Matter Stores 300 Matter Capacity 300 Sight Range 18 Robot Scan Range 14 Terrain Scan Density 10 Armor Coverage 150 Evasion (%) 63 Recoil Reduction 3 Offensive Hacking 10 Item Schematics ----------------- None Robot Schematics ------------------ None Fabricated ------------ Nothing Repaired ---------- Lgt. Cannon | 34% | -9/Materials Studied --------- None Alien Tech Used ----------------- None Achievements -------------- None Challenges ------------ None Game ------ Seed ConcussiveSalvageNanovents Manual? 0 Play Time 00:28:36 Cumulative 24.9 hours Start 2025.11.27 @ 01:31:44 End 2025.11.27 @ 02:00:24 Sessions 1 Manual Loads 0 Difficulty Rogue Special Mode None Game No. 48 Rogue 48 Adventurer 0 Explorer 0 Win Type - Total 0 Types 0/0/0/0/0/0/0/0/0/0 Lore% 26 Gallery% 22 Achievement% 19 Wizard Run 0 Options --------- Layout 0 ASCII 0 Keyboard 0 Movement Numpad Keybinds 0 Fullscreen 1 Font 18/SmallcapsGlow Map View 76x50 Zoom Use 0% Tactical HUD 0 Map Filters NONE Filters NONE Steam 1 RUN: 3d49b2b3-c05b-4059-b08d-810a162a6d81